 Dungeon Crawl Stone Soup version 0.31-a0-851-g7ff8af7976 (webtiles) character file.

Game seed: 5495032295769839092

39 Aneyh the Poker (level 3, -6/24 HPs)
             Began as a Tengu Monk on Oct 5, 2023.
             Mangled by Natasha (8 damage)
             ... on level 3 of the Dungeon.
             The game lasted 00:02:31 (1323 turns).

Aneyh the Poker (Tengu Monk)                        Turns: 1323, Time: 00:02:32

Health: -6/24      AC:  2    Str: 13    XL:     3   Next: 47%
Magic:  4/4        EV: 13    Int: 10    God:
Gold:   105        SH:  0    Dex: 16    Spells: 2/2 levels left

rFire   . . .        a - +0 trident
rCold   . . .        (no shield)
rNeg    . . .        i - +0 robe
rPois   .            (helmet restricted)
rElec   .            (no cloak)
rCorr   .            (no gloves)
SInv    .            (boots unavailable)
Will    .....        (no amulet)
Stlth   +            n - ring of wizardry
HPRegen 0.24/turn    (no ring)
MPRegen 0.09/turn

%: acrobat, wizardry (x1)
@: slowed, very slow
A: beak, talons 3, acrobatic
a: no special abilities


You were on level 3 of the Dungeon.
You visited 1 branch of the dungeon, and saw 3 of its levels.

You collected 105 gold pieces.

Inventory:

Hand Weapons
 a - a +0 trident (weapon)
 b - a +0 sling
 g - a +0 spear
Missiles
 h - 6 poisoned darts
Armour
 d - an orb of light
 i - a +0 robe (worn)
 l - a +0 ring mail
Jewellery
 m - a ring of ice
 n - a ring of wizardry (left hand)
Scrolls
 e - a scroll of identify {unknown}
 f - a scroll of fog {unknown}
 k - a scroll of butterflies {unknown}
Potions
 c - a potion of ambrosia
 j - a potion of invisibility {unknown}


   Skills:
 + Level 3.9 Fighting
 - Level 4.0 Polearms
 - Level 3.2 Dodging


You had 2 spell levels left.
You didn't know any spells.
Your spell library was empty.

Dungeon Overview and Level Annotations

Branches:
Dungeon (3/15)

Altars:

Annotations:
D:3 Natasha


Innate Abilities, Weirdness & Mutations

You have a beak for a mouth.
You have claws for feet.
You can magically evade attacks while moving or waiting.


Message History

The sling bullet closely misses Natasha.
The sling bullet hits the cerulean imp.
The cerulean imp is moderately wounded.
Natasha casts a spell at you.
You feel as though you will be slow longer.
a - a +0 trident (weapon)
Natasha mumbles some strange words.
You barely miss Natasha. Your kick misses Natasha.
The cerulean imp barely misses you.
Natasha stares at you and mumbles some strange words.
You feel as though you will be slow longer.
The cerulean imp closely misses you. Natasha closely misses you.
You miss Natasha. The cerulean imp closely misses you.
The cerulean imp hits you from afar with a +0 spear.
Natasha claws you.
The cerulean imp hits you from afar with a +1 spear.
The cerulean imp misses you. The cerulean imp completely misses you.
Natasha mumbles some strange words.
You hit Natasha. You claw Natasha.
Natasha is severely wounded.
The cerulean imp hits you from afar with a +1 spear.
Natasha claws you. The cerulean imp closely misses you.
Natasha completely misses you.
You hit Natasha but do no damage. Your kick misses Natasha.
Natasha is severely wounded.
The cerulean imp hits you from afar with a +1 spear.
Natasha claws you!
* * * LOW HITPOINT WARNING * * *
You hit Natasha but do no damage. You claw Natasha.
Natasha is severely wounded.
The cerulean imp disappears in a puff of smoke!
The cerulean imp hits you from afar with a +1 spear.
* * * LOW HITPOINT WARNING * * *
Natasha stares at you and mumbles some strange words.
The magic dart hits you.
* * * LOW HITPOINT WARNING * * *
The cerulean imp misses you. Natasha claws you!
You die...
Natasha curls up and begins to purr.

### ##########.#
#.....<....#
#.########.#######
#@# #......†. #h#
########. #5# #.
#5......# #.
........# ###.
.........# #...
..........# #.#.
.........### #.#.
#####.#...# #.##


You could see Natasha and 2 cerulean imps.

Vanquished Creatures
  An adder (D:3)
  A worm (D:3)
  A dart slug (D:2)
  An orc (D:3)
  An endoplasm (D:3)
  A giant cockroach (D:2)
  A goblin (D:2)
  3 hobgoblins
  6 kobolds
  A quokka (D:2)
  3 bats
  5 rats
25 creatures vanquished.

Notes
Turn   | Place    | Note
-------+----------+-------------------------------------------
     0 | D:1      | Aneyh the Tengu Monk began the quest for the Orb.
     0 | D:1      | Reached XP level 1. HP: 14/14 MP: 2/2
    32 | D:1      | You fall into a shaft and drop 1 floor!
    87 | D:2      | Reached XP level 2. HP: 18/19 MP: 3/3
   502 | D:2      | Reached skill level 4 in Polearms
   660 | D:2      | Found a faded altar of an unknown god.
  1052 | D:3      | Reached XP level 3. HP: 23/23 MP: 4/4
  1311 | D:3      | Noticed Natasha
  1323 | D:3      | Mangled by Natasha

Illustrated notes

Levels and vault maps discovered:
D:1:      scummos_arrival_checkerplants, layout_basic, serial_shops,
          nicolae_shop_pleasant_corner_grove
D:2:      layout_basic, basic_ecumenical_altar, lexackson_kobold_supper
D:3:      layout_basic, uniq_natasha

Skill      XL: |  1  2 |
---------------+-------+-----
Polearms       | 4 |  4.0
Fighting       | |  3.9
Dodging        | |  3.2

Action                     || total
---------------------------++-------
  Melee: Spear             ||    31
         Kick              ||    14
         Peck              ||     6
         Trident           ||    18
         Punch             ||     1
   Fire: Sling             ||    35
   Stab: Sleeping          ||     1
 Armour: Robe              ||    29
  Dodge: Dodged            ||    39

Table legend: (Time is in decaauts)
 A = Elapsed time spent in this place.
 B = Non-inter-level travel time spent in this place.
 C = Inter-level travel time spent in this place.
 D = Time resting spent in this place.
 E = Time spent auto-exploring this place.
 F = Levels seen in this place.
 G = Mean time per level.
                   A        B        C        D        E       F      G
               +--------+--------+--------+--------+--------+-----+--------+
         Total |   1335 |   1230 |    105 |    110 |    912 |   3 |  445.0 |
       Dungeon |   1335 |   1230 |    105 |    110 |    912 |   3 |  445.0 |
               +--------+--------+--------+--------+--------+-----+--------+

Top non-repeatable levels by time:
     D:2: 875 daAuts
     D:3: 427 daAuts
     D:1: 31 daAuts
